 Dungeon Crawl Stone Soup version 0.30-a0-122-g2a1322497e (webtiles) character file.

Game seed: 14733983879608241463

1181 tilp the Grave Robber (level 8, -1/62 HPs)
             Began as a Mummy Necromancer on Sept 15, 2022.
             Slain by an orc
             ... wielding a +0 flail
              (6 damage)
             ... on level 6 of the Dungeon.
             The game lasted 00:09:01 (8212 turns).

tilp the Grave Robber (Mummy Necromancer)           Turns: 8212, Time: 00:09:01

Health: -1/62      AC:  5    Str: 11    XL:     8   Next: 19%
Magic:  0/14       EV: 12    Int: 16    God:
Gold:   258        SH:  0    Dex: 13    Spells: 7/15 levels left

rFire   x . .      SeeInvis .    a - +0 dagger (venom)
rCold   + . .      Faith    +    (no shield)
rNeg    + + +      Spirit   .    c - +0 robe
rPois   ∞          Reflect  .    (no helmet)
rElec   .          Harm     .    p - +2 cloak
rCorr   .          Rampage  .    (no gloves)
Will    +....                    (no boots)
Stlth   ++........               (no amulet)
HPRegen 0.20/turn                (no ring)
MPRegen 0.14/turn                (no ring)

@: no status effects
A: cold resistance 1, negative energy resistance 3, torment resistance 2, heat
vulnerability 1, in touch with death 1, no potions, faith
a: no special abilities


You were on level 6 of the Dungeon.
You visited 1 branch of the dungeon, and saw 6 of its levels.
You also visited: Sewer.

You collected 258 gold pieces.

Inventory:

Hand Weapons
 a - a +0 dagger of venom (weapon)
 b - a +0 whip
Missiles
 d - 31 stones
 i - 4 boomerangs (quivered)
 j - 7 poisoned darts
 n - 6 curare-tipped darts
Armour
 c - a +0 robe (worn)
 p - a +2 cloak (worn)
Wands
 e - a wand of roots (10)
 l - a wand of mindburst (12)
 o - a wand of digging (7)
Scrolls
 f - a scroll of summoning {unknown}
 g - a scroll of immolation {unknown}
 h - 2 scrolls of fog
 k - 3 scrolls of amnesia
 m - a scroll of silence {unknown}
 q - a scroll of enchant armour
 r - a scroll of magic mapping
 s - a scroll of teleportation


   Skills:
 * Level 5.2 Fighting
 + Level 2.7 Dodging
 + Level 2.8 Stealth
 + Level 4.0 Spellcasting
 * Level 6.9 Necromancy
 + Level 2.7 Evocations


You had 7 spell levels left.
You knew the following spells:

 Your Spells              Type           Power      Damage    Failure   Level
a - Necrotise             Necr           100%       1d9       1%          1
b - Vampiric Draining     Necr           37%        2d8       3%          3
c - Animate Dead          Necr           37%        N/A       10%         4

Your spell library contained the following spells:

 Spells                   Type           Power      Damage    Failure   Level
 Agony                    Necr           37%        N/A       28%         5


Dungeon Overview and Level Annotations

Branches:
Dungeon (6/15)              Sewer (visited)
 Temple: D:4-7

Altars:


Innate Abilities, Weirdness & Mutations

You are immune to poison.
Your flesh is cold resistant. (rC+)
You are immune to negative energy. (rN+++)
You are immune to unholy pain and torment.
You are vulnerable to heat. (rF-)
You are in touch with the powers of death.
You do not drink.
You have a special connection with the divine. (Faith)


Message History

* * * LOW HITPOINT WARNING * * *
The orc misses you. The orc barely misses you.
You hit something but do no damage. The orc hits you with a +0 mace.
* * * LOW HITPOINT WARNING * * *
Something hits you.
* * * LOW HITPOINT WARNING * * *
The orc closely misses you.
Unknown command.
Casting: Vampiric Draining (dangerous; 3% risk of failure)
Confirm with . or Enter, or press ? or * to list all spells.
You don't have enough magic to cast this spell.
You closely miss something. Something hits you but does no damage.
The orc hits you but does no damage. The orc barely misses you.
Unknown command.
You hit the orc but do no damage.
The orc is poisoned.
Something hits you.
* * * LOW HITPOINT WARNING * * *
The orc hits you but does no damage. The orc hits you with a +0 flail.
* * * LOW HITPOINT WARNING * * *
Unknown command.
You hit the orc but do no damage.
Reactivating autopickup.
You feel a bit more experienced. The orc hits you with a +0 flail.
* * * LOW HITPOINT WARNING * * *
The orc misses you.
Unknown command.
Items here: )) [[ ††.
The orc attacks as you move away! The orc hits you with a +0 mace.
* * * LOW HITPOINT WARNING * * *
Casting: Vampiric Draining (dangerous; 3% risk of failure)
Confirm with . or Enter, or press ? or * to list all spells.
Aiming: Vampiric Draining (dangerous; 3% risk of failure)
Press: ? - help, Shift-Dir - straight line, f - orc
Aim: an orc, wielding a +0 mace and wearing a +0 leather armour (heavily wounded, very poisoned)
You feel a surge of power!
You draw life force from the orc!
You kill the orc!
You feel life coursing into your body. The orc barely misses you.
Unknown command.
You closely miss the orc. The orc misses you.
You barely miss the orc. The orc hits you with a +0 flail.
You die...

##### #...### #####
#...... #...### #......
########.....######......
.......#.....##..!....##.
.......#@................
........)o...........##..
.......##))..........#...
....... #..........###.##
!...... #..........#.....
....... ##...............
##++.oo +..>..#....[.....
#... ###...#..........
#... ..............


You could see an orc.

Vanquished Creatures
  A water moccasin (D:5)
  An orc warrior (D:6)
  2 scorpions
  2 howler monkeys (D:5)
  4 hounds
  6 orc priests
  5 orc wizards
  Ijyb (D:4)
  7 gnolls
  2 river rats (D:5)
  9 adders
  2 shadow imps
  2 ufetubi
  2 worms
  4 dart slugs
  17 orcs
  5 endoplasms
  7 goblins
  11 hobgoblins
  7 jackals
  5 kobolds
  3 quokkas
  12 ball pythons
  5 bats
  12 frilled lizards
  5 rats
139 creatures vanquished.

Vanquished Creatures (collateral kills)
  An orc (D:3)
1 creature vanquished.

Vanquished Creatures (others)
  A fungus (D:3)
  A plant (D:3)
2 creatures vanquished.

Grand Total: 142 creatures vanquished

Notes
Turn   | Place    | Note
-------+----------+-------------------------------------------
     0 | D:1      | tilp the Mummy Necromancer began the quest for the Orb.
     0 | D:1      | Reached XP level 1. HP: 13/13 MP: 4/4
   387 | D:1      | You fall into a shaft and drop 1 floor!
   394 | D:2      | Reached XP level 2. HP: 20/20 MP: 2/5
   533 | D:1      | Reached skill level 1 in Fighting
  1246 | D:2      | Gained mutation: You are in touch with the powers of death.
                  | [Mummy growth]
  1246 | D:2      | Reached XP level 3. HP: 26/26 MP: 2/7
  1252 | D:2      | Learned a level 3 spell: Vampiric Draining
  2237 | D:3      | Reached XP level 4. HP: 33/33 MP: 2/8
  2930 | D:3      | Found a faded altar of an unknown god.
  3550 | D:4      | Reached XP level 5. HP: 34/39 MP: 7/9
  3745 | D:4      | Reached skill level 5 in Necromancy
  3745 | D:4      | Reached skill level 1 in Evocations
  4852 | D:4      | Reached XP level 6. HP: 47/47 MP: 5/10
  5335 | D:4      | Noticed Ijyb
  5364 | D:4      | Killed Ijyb
  5484 | D:5      | Entered Level 5 of the Dungeon
  5512 | D:5      | Noticed a water moccasin
  5522 | D:5      | Killed a water moccasin
  5523 | D:5      | Reached skill level 6 in Necromancy
  5544 | D:5      | Found a glowing drain.
  5659 | Sewer    | Entered a sewer
  5878 | Sewer    | Learned a level 4 spell: Animate Dead
  5923 | Sewer    | Reached XP level 7. HP: 54/54 MP: 1/11
  8046 | D:6      | Reached skill level 5 in Fighting
  8046 | D:6      | Reached XP level 8. HP: 59/62 MP: 13/13
  8209 | D:6      | HP: 2/62 [orc/+0 mace (5)]
  8212 | D:6      | Slain by an orc

Illustrated notes

Levels and vault maps discovered:
D:1:      evilmike_arrival_plus, layout_loops_ring
D:2:      minmay_skewed_foursquare, layout_basic
D:3:      layout_basic, dreamdust_ecumenical_altar_grove, serial_glass,
          glass_columns_a, glass_columns_b, columned_hall_lemuel,
          minmay_quadrilaterals
D:4:      layout_basic, minivault_11, nicolae_concentric_dashed_squares_wild,
          uniq_robin, uniq_ijyb
D:5:      layout_loops_corners, portal_sewer_entry_c
D:6:      layout_basic, uniq_sigmund

Skill      XL: |  1  2  3  4  5  6  7  8 |
---------------+-------------------------+-----
Fighting       | 1 2 3 4 5 |  5.2
Spellcasting   | 3 4 |  4.0
Stealth        | 2 |  2.8
Dodging        | 2 |  2.7
Necromancy     | 5 6 |  6.9
Evocations     | 1 2 |  2.7

Action                   |  1- 3 |  4- 6 |  7- 9 || total
-------------------------+-------+-------+-------++-------
Melee: Whip              |     3 |       |       ||     3
       Dagger            |    75 |   144 |   160 ||   379
       Punch             |     1 |     1 |     2 ||     4
Throw: Boomerang         |       |     8 |     1 ||     9
 Cast: Necrotise         |    40 |    30 |     2 ||    72
       Vampiric Draining |       |    14 |    20 ||    34
  Use: Scroll            |     4 |     3 |     3 ||    10
 Stab: Sleeping          |     2 |     6 |     1 ||     9
       Distracted        |       |       |     1 ||     1
Armor: Robe              |    15 |    25 |    52 ||    92
Dodge: Dodged            |    58 |   105 |   151 ||   314

Table legend: (Time is in decaauts)
 A = Elapsed time spent in this place.
 B = Non-inter-level travel time spent in this place.
 C = Inter-level travel time spent in this place.
 D = Time resting spent in this place.
 E = Time spent auto-exploring this place.
 F = Levels seen in this place.
 G = Mean time per level.
                   A        B        C        D        E       F      G
               +--------+--------+--------+--------+--------+-----+--------+
         Total |   8285 |   8161 |    124 |   1275 |   5610 |   7 | 1183.6 |
       Dungeon |   7633 |   7509 |    124 |   1168 |   5260 |   6 | 1272.2 |
         Sewer |    651 |    651 |      0 |    107 |    350 |   1 |  651.0 |
               +--------+--------+--------+--------+--------+-----+--------+

Top non-repeatable levels by time:
     D:4: 1961 daAuts
     D:5: 1785 daAuts
     D:3: 1637 daAuts
     D:1: 1044 daAuts
     D:2: 843 daAuts
   Sewer: 651 daAuts
     D:6: 361 daAuts
